woodfighter, chaotic female human Barbarian .--- -..| |..--- |-.%.| |.(..--- --.|...| -----.| |.|.. |.|TO. |...O- -..@-- ..T-- O. woodfighter the Raider Experience level: 14 Strength: 18/03 Dexterity: 19 Constitution: 19 Intelligence: 12 Wisdom: 11 Charisma: 9 Health: 0(145) Energy: 38(38) Def: 22 Gold: 0 Moves: 18105 Dungeon seed: QZAJ925B2QE5TYAz Game ID: woodfighter_1561766618 Your Inventory: Amulets X - an uncursed amulet of unchanging (being worn) Weapons a - the blessed rustproof +7 Cleaver (weapon in hands) p - a +0 elven dagger u - a +0 elven dagger (alternate weapon; not wielded) L - 4 blessed +2 daggers (in quiver) Armor r - a blessed +1 green dragon scale mail (being worn) x - an uncursed +0 orcish helm (being worn) z - a blessed very rusty corroded +4 pair of iron shoes (being worn) A - an uncursed +0 pair of gauntlets of dexterity (being worn) J - a blessed +1 dwarvish cloak (being worn) Comestibles c - 6 uncursed food rations t - an uncursed tripe ration Z - an uncursed lizard corpse Rings F - an uncursed ring of protection from shape changers (on left hand) Wands d - a wand of teleportation (0:6) f - a wand of digging (0:4) g - a wand of sleep (0:2) h - a wand of fire (0:7) Tools q - a +0 unicorn horn s - a blessed bag of holding w - an uncursed magic whistle y - an uncursed skeleton key E - an uncursed oil lamp (lit) (0:1339) W - an uncursed towel Gems e - an uncursed luckstone Contents of the bag of holding: 261 gold pieces an uncursed +0 mummy wrapping an uncursed lizard corpse 3 uncursed sprigs of wolfsbane 2 uncursed scrolls of blank paper a [uncursed] scroll of charging a [blessed] scroll of charging a [blessed] scroll of enchant armor a [uncursed] scroll of identify a [uncursed] scroll of light 6 cursed scrolls of teleportation a [blessed] scroll of teleportation 2 [uncursed] scrolls of teleportation a [uncursed] potion of acid a [cursed] potion of blindness 2 [uncursed] potions of confusion a [blessed] potion of full healing a [uncursed] potion of hallucination a [uncursed] potion of healing 2 uncursed potions of object detection 2 cursed potions of object detection an uncursed potion of speed 2 uncursed potions of water a [uncursed] ring of aggravate monster a [uncursed] ring of fire resistance an uncursed ring of teleport control a [uncursed] wand of cold [0:4] a [uncursed] wand of digging [0:5] a [uncursed] wand of lightning [0:3] a [uncursed] wand of striking [0:2] a [uncursed] wand of teleportation [0:4] an uncursed brass lantern [0:1105] an uncursed [+0] pick-axe a +0 unicorn horn Spells and supernatural/magical abilities: Name Level Category Fail Memory a - force bolt 1 attack 100% 56% W - pray for help -- divine ? -- Your skills at the end: Miscellaneous Skills bare handed combat [Basic] Weapon Skills axe [Master] short sword [Basic] Spellcasting Skills Final Attributes: You were piously aligned. You were fire resistant. You were cold resistant. You were sleep resistant. You were shock resistant. You were poison resistant. Your writing hand was ok. You saw invisible. You were telepathic. You were invisible to others. You were stealthy. You were protected. You were protected from shape changers. You could not change from your current form. You were fast. You were extremely lucky. You had extra luck. Bad luck did not time out for you. Good luck did not time out for you. You are dead. You faced a greater challenge. Vanquished creatures: a green dragon 2 purple worms a young orange dragon a young green dragon an Olog-hai a vampire lord a nurse a frost giant 3 black puddings a vampire 3 ghosts an ettin 2 giant mimics 3 fire giants an ogre king 6 ice trolls 17 rock trolls 2 flesh golems 4 large mimics a baby purple worm 2 stalkers 3 air elementals a fire elemental 2 earth elementals a water elemental a giant mummy 4 giant zombies a barbed devil 8 wargs 2 quantum mechanics 9 small mimics 2 warhorses 3 xans an ettin mummy 2 ogre lords 14 trolls 2 sasquatches an erinys 3 large dogs a freezing sphere a flaming sphere a shocking sphere a large cat 2 tigers 5 dwarf kings 4 tengu 2 gelatinous cubes an ochre jelly 2 leocrottas a mountain centaur an elf mummy a human mummy 4 Grey-elves 3 pit vipers a python 7 wraiths 2 ettin zombies a succubus an incubus a giant beetle 3 cockatrices a wolf 5 winter wolf cubs a black light a lynx 2 panthers a gremlin 19 leprechauns 4 lizards 5 mountain nymphs 5 orc-captains a mumak a giant spider 5 iron piercers 4 horses 2 vampire bats a forest centaur 2 gnome kings 39 ogres 2 brown puddings 2 Green-elves an owlbear a gold golem a werewolf 5 piranhas a giant eel 3 chickatrices 2 dogs 5 housecats a jaguar 4 dwarf lords 4 blue jellies a water nymph 4 white unicorns a gray unicorn 2 dust vortices 3 ravens 5 plains centaurs 3 gnome mummies a Woodland-elf 2 human zombies a rope golem 4 soldier ants 4 fire ants 11 yellow lights 15 bugbears 3 baby crocodiles 2 wood nymphs 10 Mordor orcs 2 Uruk-hai 13 orc shamans 3 rock piercers a pony 6 fog clouds 2 shriekers 4 violet fungi 13 gnome lords 3 gnomish wizards 2 kobold mummies a golden naga hatchling a guardian naga hatchling 6 gray oozes 2 barrow wights 2 elf zombies 7 ghouls 2 paper golems 6 giant ants 2 puppies 4 floating eyes 18 dwarves 2 homunculi 2 kobold lords 2 kobold shamans 5 iguanas 35 hill orcs 11 rothes a rabid rat 5 centipedes 6 jitterbugs 3 giant bats a monkey an orc zombie 3 dwarf zombies a wererat 32 killer bees 10 coyotes a gas spore 7 hobbits 6 acid blobs a large kobold 5 geckos 25 hobgoblins 9 giant rats 8 cave spiders a brown mold a yellow mold a green mold 3 red molds 56 gnomes 20 garter snakes 20 manes 4 gnome zombies 5 jackals 8 foxes a kobold 3 newts 15 goblins 3 sewer rats 2 grid bugs 5 lichens 7 kobold zombies 801 creatures vanquished. Genocided species: wood nymphs water nymphs mountain nymphs island nymphs liches demiliches master liches arch-liches 8 species genocided. Voluntary challenges: You did not have reflection. You were not displaced. You used a wielded weapon 1152 times, starting on turn 2. You did not use plumbed fixtures. You read items or engraved 18 times, starting on turn 1914. You genocided 8 types of monsters, starting on turn 17258. You never polymorphed an object. You never changed form. You completed Sokoban on turn 5940, according to the rules. You used no wishes. You never split a pudding. You never wrote Elbereth's name. You violated your moral code, losing 6 points of alignment, starting on turn 10836. Dungeon overview: The Dungeons of Doom: levels 1 to 23 Level 1 (water) a long staircase Level 2 (water) Level 3 an altar to Set, a fountain stairs to The Gnomish Mines Level 4 a fountain Level 5 many fountains Level 6 (eyes) an altar to Mitra stairs to Sokoban Level 7 (vault) an altar to Mitra, a fountain, a sink Level 8 (water) a fountain Level 9 Level 10 a fountain Level 11 a sink Level 12 (black unicorn) some fountains portal to The Quest Level 13 a fountain Level 14 (big room) Level 15 Level 16 (water +vault) a temple to Crom Level 17 Level 18 Level 19 (vault) Level 20 a general store Level 21 Level 22 an altar to Crom, some fountains Level 23 The Gnomish Mines: levels 4 to 11 Level 4 stairs to The Dungeons of Doom Level 5 Level 6 Level 7 many shops, a temple to Set, a magic chest, some fountains Level 8 Level 9 Level 10 Level 11 many altars to Moloch, a magic chest, some fountains The Quest: levels 1 to 4 Level 1 a magic chest portal to The Dungeons of Doom Level 2 Level 3 a tree Level 4 <- You were here Sokoban: levels 2 to 5 Level 2 a magic chest Level 3 a sink Level 4 a fountain Level 5 an altar to Set, a magic chest stairs to The Dungeons of Doom History has recorded: On T:1 you entered the Dungeons of Doom to retrieve the Amulet of Yendor! On T:20 you reached level 2 of The Dungeons of Doom. On T:646 you reached level 3 of The Dungeons of Doom. On T:661 you advanced to experience level 2. On T:856 you reached level 4 of The Dungeons of Doom. On T:1009 you reached level 1 of The Gnomish Mines. On T:1101 you advanced to experience level 3. On T:1349 you reached level 5 of The Dungeons of Doom. On T:1387 you advanced to experience level 4. On T:1704 you reached level 6 of The Dungeons of Doom. On T:1847 you advanced to experience level 5. On T:2141 you reached level 7 of The Dungeons of Doom. On T:2391 you reached level 4 of Sokoban. On T:2589 you opened a magic chest. On T:2844 you reached level 3 of Sokoban. On T:2961 you advanced to experience level 6. On T:3440 you reached level 2 of Sokoban. On T:4060 you reached level 1 of Sokoban. On T:5348 you advanced to experience level 7. On T:5940 you advanced to experience level 8. On T:5940 you entered the Sokoban zoo. On T:5995 you prayed to Set. On T:6370 you reached level 2 of The Gnomish Mines. On T:6969 you reached level 3 of The Gnomish Mines. On T:7125 you advanced to experience level 9. On T:7166 you reached level 4 of The Gnomish Mines. On T:7559 you entered the Minetown temple On T:7731 you reached level 5 of The Gnomish Mines. On T:7779 you reached level 6 of The Gnomish Mines. On T:8130 you reached level 7 of The Gnomish Mines. On T:8353 you prayed to Set. On T:8553 you reached level 8 of The Gnomish Mines. On T:8553 you reached the bottom of the Mines. On T:8758 you advanced to experience level 10. On T:10876 you reached level 8 of The Dungeons of Doom. On T:11018 you reached level 9 of The Dungeons of Doom. On T:11228 you reached level 10 of The Dungeons of Doom. On T:11648 you reached level 11 of The Dungeons of Doom. On T:11767 you reached level 12 of The Dungeons of Doom. On T:12037 you reached level 13 of The Dungeons of Doom. On T:12863 you reached level 1 of The Quest. On T:12977 you advanced to experience level 11. On T:13142 you reached level 14 of The Dungeons of Doom. On T:13522 you prayed to Set. On T:13781 you reached level 15 of The Dungeons of Doom. On T:13893 you reached level 16 of The Dungeons of Doom. On T:14302 you reached level 17 of The Dungeons of Doom. On T:14302 you entered the Rogue tribute level. On T:14563 you reached level 18 of The Dungeons of Doom. On T:14752 you reached level 19 of The Dungeons of Doom. On T:15141 you reached level 20 of The Dungeons of Doom. On T:15422 you reached level 21 of The Dungeons of Doom. On T:15518 you advanced to experience level 12. On T:15780 you reached level 22 of The Dungeons of Doom. On T:16102 you reached level 23 of The Dungeons of Doom. On T:17243 you received Cleaver from Set. On T:17552 you advanced to experience level 13. On T:17553 you advanced to experience level 14. On T:17555 you embarked upon an epic quest. On T:17563 you reached level 2 of The Quest. On T:17675 you reached level 3 of The Quest. On T:18090 you reached level 4 of The Quest. Score breakdown: Gold: 261 ( 26 points) Experience: 14 levels ( 1300 points) Exploration: 23 levels ( 660 points) Discoveries: 91 items ( 2000 points) Variety of kills: 171 monsters ( 2000 points) Major goal: Sokoban/Mines ( 1500 points) Survival: died (score multiplied by 6) Total score: 44916 Latest messages: The rock troll is suddenly moving faster. You swing your Cleaver in a tremendous arc. You smite the rock troll! You swing your Cleaver in a tremendous arc. You smite the rock troll! The rock troll hurls a potion of paralysis! The bottle crashes on your head and breaks into shards. Something seems to be holding you. The rock troll claws you! (2x) The rock troll bites! The rock troll zaps a wand of speed monster! The ogre is suddenly moving faster. The rock troll zaps a wand of speed monster! The rock troll claws you! The rock troll misses. The rock troll bites! The rock troll wields a glaive! The ogre bumps right into you! The rock troll claws you! The rock troll misses. (2x) The rock troll thrusts a glaive. You are almost hit by a glaive. The ogre wields a club! The club grows roots right in to the ogre's hand! The rock troll claws you! (2x) The rock troll bites! You die... Final status: Goodbye woodfighter the Barbarian, killed by a rock troll, while frozen by potion vapours... You died in The Quest on dungeon level 4 with 44916 points, and 261 pieces of gold, after 18105 moves. You were level 14 with a maximum of 145 hit points when you died.